 Dungeon Crawl Stone Soup version 0.31-a0-278-g485e682e34 (webtiles) character file.

Game seed: 3470696442749223413

564 AdnanSaban the Covered (level 7, -1/44 HPs)
             Began as a Gargoyle Fighter on July 16, 2023.
             Slain by a green death (6 damage)
             ... on level 1 of the Abyss.
             The game lasted 00:04:18 (2914 turns).

AdnanSaban the Covered (Gargoyle Fighter)           Turns: 2914, Time: 00:04:19

Health: -1/44      AC: 12    Str: 21    XL:     7   Next: 32%
Magic:  7/7        EV:  9    Int:  9    God:
Gold:   87         SH:  4    Dex:  5    Spells: 6/6 levels left

rFire   . . .        j - +1 whip (drain)
rCold   . . .        c - +0 buckler
rNeg    + . .        b - +0 scale mail
rPois   ∞            (no helmet)
rElec   +            (no cloak)
rCorr   .            (no gloves)
SInv    .            (no boots)
Will    .....        (no amulet) Stlth
                     (no ring)
HPRegen 0.27/turn    (no ring)
MPRegen 0.10/turn

%: no passive effects
@: no status effects
A: sickness immunity, AC +4, negative energy resistance 1, electricity
resistance, torment resistance 1, petrification resistance, [clumsy 2],
[deterioration 2], [no potion heal 2], [subdued magic 2]
a: no special abilities


You were on level 1 of the Abyss.
You visited 1 branch of the dungeon, and saw 3 of its levels.
You visited the Abyss 1 time.

You collected 87 gold pieces.

Inventory:

Hand Weapons
 j - a +1 whip of draining (weapon)
Armour
 b - a +0 scale mail (worn)
 c - a +0 buckler (worn)
Jewellery
 a - a ring of protection from fire
 o - a ring of willpower
 t - a ring of positive energy
 v - a ring of fire
Scrolls
 e - 2 scrolls of teleportation {unknown}
 g - 2 scrolls of identify {unknown}
 h - a scroll of immolation {unknown}
 l - a scroll of torment {unknown}
 m - a scroll of poison {unknown}
 p - a scroll of acquirement {unknown}
 r - 3 scrolls of vulnerability {unknown}
 s - a scroll of summoning {unknown}
 w - a scroll of noise {unknown}
 x - a scroll of fog {unknown}
Potions
 d - 2 potions of might
 f - 2 potions of heal wounds {unknown}
 i - 3 potions of haste {unknown}
 k - a potion of ambrosia {unknown}
 n - 2 potions of lignification {unknown}
 q - a potion of resistance {unknown}
 u - a potion of experience {unknown}


   Skills:
 + Level 4.6 Fighting
 + Level 5.3 Maces & Flails
 + Level 5.5 Armour
 + Level 4.3 Shields


You had 6 spell levels left.
You didn't know any spells.
Your spell library contained the following spells:

 Spells                   Type           Power      Damage    Failure   Level
 Necrotise                Necr           0%         1d4       69%         1
 Ensorcelled Hibernation  Hex/Ice        0%         N/A       83%         2
 Passwall                 Tmut/Erth      0%         N/A       83%         2
 Swiftness                Air            0%         N/A       97%         3
 Vampiric Draining        Necr           0%         2d6       97%         3
 Agony                    Necr           0%         N/A       100%        5


Dungeon Overview and Level Annotations

Branches:
Dungeon (3/15)

Altars:
Elyvilon

Annotations:
D:3 Crazy Yiuf


Innate Abilities, Weirdness & Mutations

You are immune to sickness and miasma.
Your stone body is resilient. (AC +4)
You are immune to poison.
You resist negative energy. (rN+)
You are resistant to electric shocks. (rElec)
You are resistant to unholy torment.
You are immune to petrification.
[You are very clumsy. (Dex -4)]
[Your body often deteriorates upon taking damage.]
[Potions cannot restore your health.]
[Your spells are easier to cast, but less powerful.]


Message History

The bolt of poison hits you but does no damage.
You resist. The green death gestures at you.
The blast of poison engulfs you but does no damage.
You resist. The green death gestures at you. The poison arrow hits you!
You partially resist. The green death gestures at you.
The blast of poison engulfs you but does no damage.
You resist. The green death gestures at you. The poison arrow hits you!
You partially resist.
A wretched star comes into view.
The wretched star pulses with an eldritch light!
You feel clumsy. x2; Your connection to magic feels subdued.
Your connection to magic feels more subdued.
The green death gestures at you. The poison arrow hits you.
You partially resist. The green death gestures at you.
The poison arrow hits you! You partially resist.
* * * LOW HITPOINT WARNING * * *
The wretched star pulses with an eldritch light!
Your system partially rejects the healing effects of potions.
Your system completely rejects the healing effects of potions.
The wretched star pulses with an eldritch light!
You feel yourself wasting away.
You feel your body start to fall apart.
The green death attacks as you move away!
The green death closely misses you.
You hit the green death.
The green death is lightly wounded.
The green death closely misses you.
You barely miss the green death.
The green death is lightly wounded.
The green death hits you!
* * * LOW HITPOINT WARNING * * *
Sorry, you're not good enough to have a special ability.
You hit the green death.
The green death is lightly wounded.
The green death hits you.
You die...

~♣~~≈ ♣ ≈~ ~ ~~≈
~. ######## ≈~
..## #...#@.# ~~##
.# .###2### # #...
.#....# ~ ~ # ##.
#.#.#*## ~ .. ##
.##.###
≈~°°.#......#...##
~ . ...## ##*.#.#
. ~ ~ . .#.. ##.#.
. ♣
#.####....#...# #


You could see a green death and a wretched star.

Vanquished Creatures
  Grinder (D:3)
  Sigmund (D:3)
  Jessica (D:3)
  11 gnolls
  3 worms
  3 dart slugs
  3 ball pythons
  3 bats
  3 endoplasms
  A giant cockroach (D:1)
  9 goblins
  3 hobgoblins
  4 quokkas
  2 frilled lizards
  5 kobolds
  4 rats
57 creatures vanquished.

Notes
Turn   | Place    | Note
-------+----------+-------------------------------------------
     0 | D:1      | AdnanSaban the Gargoyle Fighter began the quest for the
                  | Orb.
     0 | D:1      | Reached XP level 1. HP: 14/14 MP: 1/1
   298 | D:1      | Reached XP level 2. HP: 14/19 MP: 2/2
   613 | D:1      | Reached XP level 3. HP: 23/23 MP: 3/3
   822 | D:2      | Found a faded altar of an unknown god.
  1012 | D:2      | Reached XP level 4. HP: 26/29 MP: 4/4
  1300 | D:2      | Reached XP level 5. HP: 20/33 MP: 5/5
  1823 | D:3      | Noticed Sigmund
  1840 | D:3      | Killed Sigmund
  1841 | D:3      | Reached XP level 6. HP: 24/38 MP: 6/6
  2043 | D:3      | Noticed Jessica
  2046 | D:3      | Killed Jessica
  2093 | D:3      | Noticed Grinder
  2100 | D:3      | Paralysed by Grinder for 2 turns
  2127 | D:3      | Paralysed by Grinder for 3 turns
  2134 | D:3      | Killed Grinder
  2135 | D:3      | Reached skill level 5 in Maces & Flails
  2135 | D:3      | Reached skill level 5 in Armour
  2135 | D:3      | Reached XP level 7. HP: 23/44 MP: 7/7
  2492 | D:3      | Found a white marble altar of Elyvilon.
  2671 | D:3      | Found a runed translucent door.
  2672 | D:3      | Noticed Crazy Yiuf
  2831 | Abyss:1  | Cast into level 1 of the Abyss (Crazy Yiuf)
  2878 | Abyss:1  | Noticed a green death
  2897 | Abyss:1  | Noticed a wretched star
  2914 | Abyss:1  | Slain by a green death

Illustrated notes

Levels and vault maps discovered:
D:1:      elethiomel_arrival_maze, layout_basic, chequers_jeans
D:2:      layout_basic, chequers_ecumenical_altar_island
D:3:      layout_loops_corners, elyvilon_altar_5, uniq_jessica, uniq_grinder,
          uniq_sigmund, uniq_crazy_yiuf_cottage
Abyss:1:  base: D:1, evilmike_abyss_exit_10

Skill      XL: |  1  2  3  4  5  6 |
---------------+-------------------+-----
Armour         | 4 5 |  5.5
Maces & Flails | 3 4 5 |  5.3
Fighting       | 4 |  4.6
Shields        | 4 |  4.3

Action                     |  1- 3 |  4- 6 |  7- 9 || total
---------------------------+-------+-------+-------++-------
  Melee: Flail             |    38 |       |       ||    38
         Whip              |    54 |    88 |    39 ||   181
 Armour: Scale mail        |    42 |    31 |     9 ||    82
  Dodge: Dodged            |    33 |    23 |    18 ||    74
  Block: Buckler           |    16 |    14 |    11 ||    41

Table legend: (Time is in decaauts)
 A = Elapsed time spent in this place.
 B = Non-inter-level travel time spent in this place.
 C = Inter-level travel time spent in this place.
 D = Time resting spent in this place.
 E = Time spent auto-exploring this place.
 F = Levels seen in this place.
 G = Mean time per level.
                   A        B        C        D        E       F      G
               +--------+--------+--------+--------+--------+-----+--------+
         Total |   2925 |   2839 |     86 |      0 |   2343 |   4 |  731.2 |
       Dungeon |   2836 |   2750 |     86 |      0 |   2296 |   3 |  945.3 |
         Abyss |     89 |     89 |      0 |      0 |     47 |   1 |   89.0 |
               +--------+--------+--------+--------+--------+-----+--------+

Top non-repeatable levels by time:
     D:3: 1119 daAuts
     D:2: 944 daAuts
     D:1: 772 daAuts
 Abyss:1: 89 daAuts
